[ AOE2 MATCH · #463666484 ]
UnrankedGoths vs Poles
[ REPLAY ANALYSIS · EXTRACTED FROM THE RECORDED GAME ]
Feudal
11:13
Castle
—
Imperial
—
| APM avg | 11.7 |
| APM peak | 37 |
| eAPM avg | 8.3 |
| Villagers / military | 36 / 15 |
Focus
⚔️ 18.7% · 🌾 81.3%
Militia ×12 · Spearman ×3
Feudal
11:36
Castle
16:56
Imperial
—
| APM avg | 34.8 |
| APM peak | 74 |
| eAPM avg | 13.4 |
| Villagers / military | 52 / 5 |
Focus
⚔️ 19.0% · 🌾 81.0%
Obuch ×5
Feudal
9:22
Castle
—
Imperial
—
| APM avg | 52.8 |
| APM peak | 87 |
| eAPM avg | 27.0 |
| Villagers / military | 49 / 14 |
Focus
⚔️ 31.6% · 🌾 68.4%
Serjeant ×14
Feudal
9:29
Castle
—
Imperial
—
| APM avg | 21.5 |
| APM peak | 48 |
| eAPM avg | 10.4 |
| Villagers / military | 38 / 15 |
Focus
⚔️ 21.1% · 🌾 78.9%
Skirmisher ×8 · Archer ×6 · Spearman ×1
Feudal
11:21
Castle
—
Imperial
—
| APM avg | 22.0 |
| APM peak | 44 |
| eAPM avg | 14.4 |
| Villagers / military | 59 / 0 |
Focus
⚔️ 5.6% · 🌾 94.4%
Feudal
8:54
Castle
19:18
Imperial
—
| APM avg | 44.2 |
| APM peak | 63 |
| eAPM avg | 18.5 |
| Villagers / military | 38 / 24 |
Focus
⚔️ 20.6% · 🌾 79.4%
Archer ×20 · Battering Ram ×2 · Spearman ×1 · Scorpion ×1
Feudal
—
Castle
—
Imperial
—
| APM avg | 12.0 |
| APM peak | 83 |
| eAPM avg | 11.6 |
| Villagers / military | 25 / 0 |
Focus
⚔️ 0.0% · 🌾 100.0%
Feudal
10:46
Castle
—
Imperial
—
| APM avg | 23.1 |
| APM peak | 37 |
| eAPM avg | 14.3 |
| Villagers / military | 78 / 17 |
Focus
⚔️ 31.3% · 🌾 68.7%
Militia ×12 · Archer ×3 · Spearman ×2
Match map
Initial resources + every placement click. Lines = walls · curves = elevation contours. ◆ gold · ⬟ stone · ● berries · ✦ relic · ◌ wall gap
Your base· ✓ Closed at 12:00 · 0t walls · 3 gate(s)
bob's base· ✓ Closed at 16:56 · 0t walls · 2 gate(s)
Monkey航's base· ✓ Closed at 23:15 · 0t walls · 4 gate(s)
LuizBatata182's base· ✓ Closed at 12:00 · 21t walls · 2 gate(s)
Poli Heliot's base· ✓ Closed at 12:00 · 0t walls · 2 gate(s)
NightArea86's base· ✓ Closed at 19:18 · 0t walls · 2 gate(s)
n3tzo0's base· ✓ Closed at 12:00 · 0t walls · 3 gate(s)
cleloandrade1's base· ✓ Closed at 12:00 · 32t walls · 3 gate(s)
Smoothed initial terrain · ◌ = detected wall gap · hover for details
Inputs per minute
— mounssif - - bob
Build order — mounssif
88 actions detected in the replay
| 0:01 | Create | Villager (Male) |
| 0:02 | Create | Villager (Male) |
| 0:02 | Create | Villager (Male) |
| 0:07 | Build | House |
| 0:10 | Build | House |
| 1:35 | Create | Villager (Male) |
| 1:35 | Create | Villager (Male) |
| 1:36 | Create | Villager (Male) |
| 3:09 | Create | Villager (Male) |
| 3:09 | Create | Villager (Male) |
| 3:43 | Build | Lumber Camp |
| 3:49 | Create | Villager (Male) |
| 4:55 | Create | Villager (Male) |
| 4:55 | Create | Villager (Male) |
| 5:33 | Create | Villager (Male) |
| 5:56 | Create | Villager (Male) |
| 5:57 | Create | Villager (Male) |
| 6:07 | Build | House |
| 6:49 | Create | Villager (Male) |
| 6:49 | Create | Villager (Male) |
| 7:48 | Build | House |
| 8:03 | Build | Mill |
| 9:03 | Research | Feudal Age |
| 10:00 | Build | Barracks |
| 11:07 | Build | Farm |
| 11:08 | Build | Farm |
| 11:13 | Age | Feudal Age |
| 11:18 | Create | Villager (Male) |
| 11:18 | Create | Villager (Male) |
| 11:21 | Research | Double-Bit Axe |
| 11:52 | Build | Farm |
| 12:05 | Build | Farm |
| 12:20 | Build | Market |
| 12:44 | Create | Spearman |
| 12:44 | Create | Spearman |
| 12:45 | Create | Spearman |
| 13:02 | Create | Villager (Male) |
| 13:02 | Create | Villager (Male) |
| 13:03 | Create | Villager (Male) |
| 13:03 | Create | Villager (Male) |
| 13:05 | Create | Villager (Male) |
| 13:05 | Create | Villager (Male) |
| 13:12 | Build | House |
| 14:14 | Build | House |
| 14:16 | Build | House |
| 15:03 | Build | Mining Camp |
| 15:09 | Create | Villager (Male) |
| 15:09 | Create | Villager (Male) |
| 15:45 | Research | Man-at-Arms (upgrade) |
| 15:55 | Create | Villager (Male) |
| 15:57 | Create | Villager (Male) |
| 16:08 | Build | Farm |
| 16:10 | Build | Farm |
| 16:11 | Build | Farm |
| 16:15 | Build | Farm |
| 16:44 | Build | Blacksmith |
| 17:31 | Create | Villager (Male) |
| 17:31 | Create | Villager (Male) |
| 17:32 | Create | Villager (Male) |
| 17:51 | Build | Archery Range |
| 17:53 | Build | Archery Range |
| 18:26 | Create | Villager (Male) |
| 18:27 | Create | Villager (Male) |
| 18:28 | Create | Villager (Male) |
| 18:40 | Build | House |
| 18:41 | Build | House |
| 19:02 | Create | Villager (Male) |
| 19:25 | Build | Archery Range |
| 19:46 | Create | Militia |
| 19:47 | Create | Militia |
| 19:48 | Create | Militia |
| 19:48 | Create | Militia |
| 19:49 | Create | Militia |
| 19:49 | Create | Militia |
| 19:49 | Create | Militia |
| 19:50 | Create | Militia |
| 19:50 | Create | Militia |
| 19:50 | Create | Militia |
| 19:51 | Create | Militia |
| 19:51 | Create | Militia |
| 20:36 | Research | Scale Barding Armor |
| 20:42 | Create | Villager (Male) |
| 20:51 | Build | Farm |
| 20:54 | Build | Farm |
| 20:56 | Build | Farm |
| 22:17 | Build | House |
| 22:18 | Build | House |
| 22:19 | Build | House |
Build order — bob
126 actions detected in the replay
| 0:04 | Create | Villager (Male) |
| 0:04 | Create | Villager (Male) |
| 0:06 | Build | House |
| 0:07 | Build | House |
| 0:36 | Create | Villager (Male) |
| 0:36 | Create | Villager (Male) |
| 0:36 | Create | Villager (Male) |
| 1:29 | Create | Villager (Male) |
| 1:55 | Create | Villager (Male) |
| 2:23 | Build | Lumber Camp |
| 2:26 | Create | Villager (Male) |
| 2:45 | Create | Villager (Male) |
| 3:18 | Create | Villager (Male) |
| 3:41 | Build | House |
| 3:42 | Build | House |
| 4:01 | Create | Villager (Male) |
| 4:02 | Create | Villager (Male) |
| 4:26 | Create | Villager (Male) |
| 4:32 | Create | Villager (Male) |
| 5:00 | Create | Villager (Male) |
| 5:35 | Create | Villager (Male) |
| 5:43 | Create | Villager (Male) |
| 6:26 | Create | Villager (Male) |
| 6:56 | Create | Villager (Male) |
| 7:04 | Build | Mill |
| 7:06 | Create | Villager (Male) |
| 7:52 | Build | House |
| 7:53 | Build | House |
| 8:07 | Create | Villager (Male) |
| 8:07 | Create | Villager (Male) |
| 8:10 | Create | Villager (Male) |
| 8:29 | Build | Mining Camp |
| 8:54 | Research | Feudal Age |
| 10:29 | Create | Villager (Male) |
| 10:45 | Create | Villager (Male) |
| 11:28 | Create | Villager (Male) |
| 11:36 | Age | Feudal Age |
| 11:38 | Research | Horse Collar |
| 11:41 | Research | Double-Bit Axe |
| 11:46 | Build | Market |
| 11:56 | Build | Blacksmith |
| 12:09 | Build | Lumber Camp |
| 12:14 | Build | Farm |
| 12:15 | Build | Farm |
| 12:27 | Build | Farm |
| 12:28 | Build | Farm |
| 12:29 | Build | Farm |
| 12:30 | Build | Farm |
| 12:33 | Build | Farm |
| 12:36 | Create | Villager (Male) |
| 12:59 | Create | Villager (Male) |
| 13:10 | Build | Farm |
| 13:30 | Create | Villager (Male) |
| 13:31 | Research | Loom |
| 13:49 | Build | Farm |
| 14:08 | Build | Mill |
| 14:16 | Research | Castle Age |
| 14:59 | Build | Farm |
| 15:22 | Create | Villager (Male) |
| 15:32 | Build | Farm |
| 15:34 | Build | Farm |
| 15:36 | Build | Farm |
| 15:38 | Build | Farm |
| 15:39 | Build | Farm |
| 16:08 | Research | Loom |
| 16:10 | Create | Villager (Male) |
| 16:56 | Age | Castle Age |
| 17:24 | Research | Heavy Plow |
| 17:25 | Research | Bow Saw |
| 17:27 | Create | Villager (Male) |
| 18:31 | Create | Villager (Male) |
| 18:33 | Create | Villager (Male) |
| 19:07 | Build | Castle |
| 19:22 | Create | Villager (Male) |
| 19:43 | Create | Villager (Male) |
| 19:48 | Build | Farm |
| 19:50 | Build | Farm |
| 19:56 | Build | Mill |
| 19:57 | Build | Farm |
| 19:58 | Build | Farm |
| 19:59 | Build | Farm |
| 20:06 | Create | Villager (Male) |
| 20:29 | Build | Town Center |
| 20:34 | Create | Villager (Male) |
| 20:35 | Create | Villager (Male) |
| 20:46 | Research | Wheelbarrow |
| 20:47 | Research | Town Watch |
| 21:01 | Build | Lumber Camp |
| 21:05 | Create | Villager (Male) |
| 21:13 | Build | Mining Camp |
| 21:15 | Create | Villager (Male) |
| 21:17 | Create | Obuch |
| 21:18 | Create | Obuch |
| 21:18 | Create | Obuch |
| 21:24 | Build | Siege Workshop |
| 21:28 | Create | Villager (Male) |
| 21:40 | Create | Villager (Male) |
| 21:45 | Create | Villager (Male) |
| 21:46 | Create | Villager (Male) |
| 21:46 | Create | Villager (Male) |
| 21:57 | Create | Obuch |
| 21:57 | Create | Obuch |
| 22:06 | Build | House |
| 22:07 | Build | House |
| 22:08 | Build | House |
| 22:12 | Build | House |
| 22:19 | Build | House |
| 22:21 | Build | House |
| 22:22 | Build | House |
| 22:23 | Build | House |
| 22:23 | Build | House |
| 22:25 | Build | House |
| 22:25 | Build | House |
| 22:29 | Build | House |
| 22:31 | Build | House |
| 22:32 | Create | Villager (Male) |
| 22:33 | Create | Villager (Male) |
| 22:47 | Create | Villager (Male) |
| 22:49 | Create | Villager (Male) |
| 22:53 | Create | Villager (Male) |
| 23:07 | Build | Barracks |
| 23:10 | Build | House |
| 23:11 | Build | House |
| 23:12 | Build | House |
| 23:14 | Build | House |
| 23:21 | Create | Villager (Male) |
Build order — Monkey航
131 actions detected in the replay
| 0:04 | Build | House |
| 0:05 | Build | House |
| 0:06 | Create | Villager (Male) |
| 0:06 | Create | Villager (Male) |
| 0:07 | Create | Villager (Male) |
| 0:07 | Create | Villager (Male) |
| 1:41 | Create | Villager (Male) |
| 1:42 | Create | Villager (Male) |
| 1:54 | Build | Lumber Camp |
| 2:27 | Create | Villager (Male) |
| 2:27 | Create | Villager (Male) |
| 3:10 | Create | Villager (Male) |
| 3:16 | Create | Villager (Male) |
| 3:17 | Create | Villager (Male) |
| 3:17 | Create | Villager (Male) |
| 4:06 | Build | House |
| 4:13 | Create | Villager (Male) |
| 4:34 | Create | Villager (Male) |
| 4:35 | Build | Mill |
| 4:43 | Create | Villager (Male) |
| 5:02 | Create | Villager (Male) |
| 5:54 | Create | Villager (Male) |
| 6:15 | Create | Villager (Male) |
| 6:17 | Research | Loom |
| 6:52 | Build | Mining Camp |
| 7:03 | Research | Feudal Age |
| 8:11 | Build | House |
| 8:12 | Build | House |
| 8:26 | Create | Villager (Male) |
| 9:11 | Build | Mining Camp |
| 9:22 | Age | Feudal Age |
| 9:31 | Build | Donjon |
| 9:35 | Create | Villager (Male) |
| 9:38 | Research | Double-Bit Axe |
| 9:38 | Research | Double-Bit Axe |
| 9:45 | Build | House |
| 9:48 | Create | Villager (Male) |
| 9:57 | Research | Horse Collar |
| 10:17 | Create | Serjeant |
| 10:21 | Create | Villager (Male) |
| 10:31 | Build | Mining Camp |
| 10:42 | Create | Serjeant |
| 10:49 | Create | Villager (Male) |
| 10:49 | Create | Villager (Male) |
| 10:50 | Create | Villager (Male) |
| 11:32 | Build | Farm |
| 11:33 | Build | Farm |
| 11:34 | Build | Farm |
| 11:36 | Create | Villager (Male) |
| 11:53 | Build | Farm |
| 11:53 | Create | Villager (Male) |
| 12:02 | Create | Villager (Male) |
| 12:34 | Create | Villager (Male) |
| 12:44 | Create | Villager (Male) |
| 13:03 | Create | Villager (Male) |
| 13:20 | Create | Serjeant |
| 13:25 | Build | Farm |
| 13:28 | Build | Farm |
| 13:29 | Build | Farm |
| 13:34 | Build | Donjon |
| 13:43 | Create | Serjeant |
| 13:44 | Create | Villager (Male) |
| 13:48 | Build | Farm |
| 14:05 | Create | Villager (Male) |
| 14:12 | Build | House |
| 14:46 | Create | Villager (Male) |
| 14:56 | Create | Villager (Male) |
| 15:00 | Create | Serjeant |
| 15:02 | Create | Villager (Male) |
| 15:09 | Create | Villager (Male) |
| 15:31 | Create | Villager (Male) |
| 15:34 | Build | Farm |
| 15:45 | Create | Serjeant |
| 15:47 | Build | Farm |
| 15:51 | Build | Blacksmith |
| 16:05 | Build | House |
| 16:22 | Build | House |
| 16:29 | Create | Villager (Male) |
| 16:35 | Create | Serjeant |
| 16:42 | Create | Serjeant |
| 16:45 | Research | Scale Mail Armor |
| 16:45 | Research | Scale Mail Armor |
| 16:53 | Build | Farm |
| 16:54 | Build | Farm |
| 16:59 | Build | Lumber Camp |
| 17:09 | Create | Serjeant |
| 17:12 | Create | Serjeant |
| 17:22 | Build | Farm |
| 17:33 | Create | Villager (Male) |
| 17:38 | Build | Farm |
| 17:53 | Create | Villager (Male) |
| 18:01 | Build | Farm |
| 18:02 | Build | Farm |
| 18:05 | Build | Farm |
| 18:11 | Create | Villager (Male) |
| 18:33 | Build | House |
| 18:40 | Build | Donjon |
| 18:43 | Create | Serjeant |
| 19:05 | Research | Wheelbarrow |
| 19:09 | Build | Market |
| 19:10 | Build | Farm |
| 19:51 | Create | Serjeant |
| 19:51 | Create | Serjeant |
| 19:53 | Create | Villager (Male) |
| 20:05 | Build | House |
| 20:09 | Build | Farm |
| 20:21 | Create | Serjeant |
| 20:25 | Build | Farm |
| 20:25 | Build | Farm |
| 20:25 | Build | Farm |
| 20:26 | Build | Farm |
| 20:26 | Build | Farm |
| 20:34 | Build | House |
| 20:45 | Create | Villager (Male) |
| 20:51 | Build | Farm |
| 20:55 | Build | Farm |
| 20:58 | Build | Farm |
| 21:01 | Create | Villager (Male) |
| 21:06 | Build | House |
| 21:08 | Build | Barracks |
| 21:38 | Build | Donjon |
| 21:43 | Create | Villager (Male) |
| 21:45 | Build | Farm |
| 22:05 | Create | Villager (Male) |
| 22:25 | Create | Villager (Male) |
| 22:41 | Build | Gate |
| 23:03 | Build | Donjon |
| 23:14 | Create | Villager (Male) |
| 23:15 | Research | Castle Age |
| 23:16 | Research | Castle Age |
| 23:22 | Research | Gold Mining |
Build order — LuizBatata182
101 actions detected in the replay
| 0:01 | Create | Villager (Male) |
| 0:01 | Create | Villager (Male) |
| 0:02 | Build | House |
| 0:04 | Build | House |
| 0:16 | Create | Villager (Male) |
| 0:16 | Create | Villager (Male) |
| 0:16 | Create | Villager (Male) |
| 1:36 | Create | Villager (Male) |
| 1:51 | Build | Lumber Camp |
| 1:52 | Create | Villager (Male) |
| 2:30 | Create | Villager (Male) |
| 2:51 | Create | Villager (Male) |
| 3:24 | Create | Villager (Male) |
| 3:54 | Build | House |
| 3:56 | Build | House |
| 4:04 | Create | Villager (Male) |
| 4:29 | Create | Villager (Male) |
| 5:00 | Build | Mill |
| 5:34 | Create | Villager (Male) |
| 5:36 | Create | Villager (Male) |
| 6:09 | Build | Mining Camp |
| 6:29 | Create | Villager (Male) |
| 6:47 | Create | Villager (Male) |
| 7:13 | Research | Feudal Age |
| 7:13 | Research | Feudal Age |
| 8:57 | Create | Villager (Male) |
| 9:29 | Age | Feudal Age |
| 9:33 | Build | Stone Wall |
| 9:53 | Create | Villager (Male) |
| 9:57 | Build | Mining Camp |
| 9:58 | Create | Villager (Male) |
| 10:15 | Build | House |
| 10:43 | Create | Villager (Male) |
| 11:38 | Create | Villager (Male) |
| 12:18 | Create | Villager (Male) |
| 12:40 | Build | Watch Tower |
| 12:48 | Create | Villager (Male) |
| 12:51 | Research | Double-Bit Axe |
| 13:10 | Build | Palisade Wall |
| 13:34 | Build | Watch Tower |
| 13:38 | Create | Villager (Male) |
| 13:39 | Create | Villager (Male) |
| 13:44 | Build | Farm |
| 13:44 | Build | Farm |
| 13:59 | Create | Villager (Male) |
| 14:37 | Create | Villager (Male) |
| 14:58 | Build | Farm |
| 15:02 | Build | House |
| 15:30 | Create | Villager (Male) |
| 15:41 | Create | Villager (Male) |
| 15:51 | Build | Barracks |
| 15:56 | Build | House |
| 16:03 | Build | Farm |
| 16:13 | Create | Villager (Male) |
| 16:24 | Build | House |
| 16:42 | Create | Villager (Male) |
| 16:51 | Build | Farm |
| 16:51 | Build | Farm |
| 17:01 | Build | Archery Range |
| 17:03 | Build | Archery Range |
| 17:12 | Create | Villager (Male) |
| 17:16 | Build | Farm |
| 17:22 | Create | Villager (Male) |
| 17:39 | Create | Skirmisher |
| 17:40 | Create | Skirmisher |
| 18:12 | Build | Blacksmith |
| 18:14 | Create | Villager (Male) |
| 18:18 | Build | Farm |
| 18:18 | Build | Farm |
| 18:25 | Create | Villager (Male) |
| 18:33 | Create | Skirmisher |
| 18:35 | Create | Skirmisher |
| 18:46 | Research | Fletching |
| 18:49 | Create | Spearman |
| 18:51 | Build | Farm |
| 18:51 | Build | Farm |
| 18:52 | Build | Farm |
| 18:54 | Build | Farm |
| 18:55 | Build | Farm |
| 19:15 | Build | Farm |
| 19:29 | Build | Farm |
| 19:33 | Create | Villager (Male) |
| 19:39 | Research | Padded Archer Armor |
| 19:42 | Create | Skirmisher |
| 19:42 | Create | Skirmisher |
| 20:21 | Build | Farm |
| 20:22 | Build | Farm |
| 20:23 | Build | Farm |
| 20:49 | Create | Archer |
| 20:50 | Create | Archer |
| 20:51 | Create | Archer |
| 20:51 | Create | Archer |
| 20:56 | Create | Villager (Male) |
| 21:01 | Research | Wheelbarrow |
| 21:05 | Build | House |
| 21:10 | Build | House |
| 21:27 | Create | Archer |
| 21:28 | Create | Archer |
| 21:29 | Create | Villager (Male) |
| 21:55 | Create | Skirmisher |
| 21:55 | Create | Skirmisher |
Build order — Poli Heliot
109 actions detected in the replay
| 0:04 | Create | Villager (Male) |
| 0:04 | Create | Villager (Male) |
| 0:05 | Create | Villager (Male) |
| 0:05 | Create | Villager (Male) |
| 0:19 | Build | House |
| 1:16 | Build | House |
| 1:39 | Create | Villager (Male) |
| 1:39 | Create | Villager (Male) |
| 2:18 | Create | Villager (Male) |
| 2:18 | Create | Villager (Male) |
| 2:32 | Build | Settlement |
| 3:02 | Create | Villager (Male) |
| 3:03 | Create | Villager (Male) |
| 3:03 | Create | Villager (Male) |
| 3:43 | Create | Villager (Male) |
| 3:43 | Create | Villager (Male) |
| 4:12 | Create | Villager (Male) |
| 4:12 | Create | Villager (Male) |
| 4:54 | Create | Villager (Male) |
| 4:54 | Create | Villager (Male) |
| 4:55 | Create | Villager (Male) |
| 5:50 | Create | Villager (Male) |
| 5:51 | Create | Villager (Male) |
| 5:51 | Create | Villager (Male) |
| 5:56 | Build | Settlement |
| 6:01 | Create | Villager (Male) |
| 6:01 | Create | Villager (Male) |
| 6:34 | Create | Villager (Male) |
| 6:34 | Create | Villager (Male) |
| 6:35 | Create | Villager (Male) |
| 6:37 | Create | Villager (Male) |
| 7:18 | Build | Settlement |
| 7:25 | Build | Settlement |
| 7:29 | Create | Villager (Male) |
| 7:41 | Create | Villager (Male) |
| 7:42 | Create | Villager (Male) |
| 9:04 | Research | Feudal Age |
| 9:04 | Research | Feudal Age |
| 9:05 | Research | Feudal Age |
| 9:48 | Build | Farm |
| 9:50 | Build | Farm |
| 9:50 | Build | Farm |
| 10:18 | Create | Villager (Male) |
| 11:03 | Create | Villager (Male) |
| 11:21 | Age | Feudal Age |
| 11:23 | Create | Villager (Male) |
| 11:28 | Research | Double-Bit Axe |
| 11:35 | Research | Wheelbarrow |
| 11:44 | Create | Villager (Male) |
| 11:59 | Build | Farm |
| 12:01 | Create | Villager (Male) |
| 12:30 | Create | Villager (Male) |
| 12:50 | Create | Villager (Male) |
| 13:11 | Create | Villager (Male) |
| 13:25 | Research | Horse Collar |
| 13:31 | Build | Farm |
| 13:55 | Build | Farm |
| 14:26 | Create | Villager (Male) |
| 14:34 | Build | Stone Wall |
| 14:49 | Build | Stone Wall |
| 14:50 | Create | Villager (Male) |
| 14:53 | Build | Farm |
| 14:54 | Build | Farm |
| 15:16 | Create | Villager (Male) |
| 15:16 | Create | Villager (Male) |
| 15:16 | Create | Villager (Male) |
| 15:17 | Create | Villager (Male) |
| 15:30 | Build | Market |
| 15:38 | Build | House |
| 15:41 | Build | House |
| 15:43 | Build | House |
| 15:47 | Build | House |
| 15:51 | Build | Farm |
| 15:52 | Create | Villager (Male) |
| 15:56 | Build | House |
| 16:06 | Build | House |
| 16:09 | Build | House |
| 16:11 | Build | House |
| 16:20 | Build | House |
| 16:35 | Create | Villager (Male) |
| 16:35 | Create | Villager (Male) |
| 16:55 | Build | House |
| 17:03 | Create | Villager (Male) |
| 17:13 | Build | Watch Tower |
| 17:29 | Build | Stone Wall |
| 17:42 | Create | Villager (Male) |
| 18:15 | Build | Watch Tower |
| 18:23 | Create | Villager (Male) |
| 18:33 | Build | House |
| 18:42 | Build | Blacksmith |
| 18:52 | Create | Villager (Male) |
| 19:16 | Create | Villager (Male) |
| 19:17 | Create | Villager (Male) |
| 19:19 | Build | Farm |
| 19:37 | Create | Villager (Male) |
| 19:37 | Create | Villager (Male) |
| 19:42 | Create | Villager (Male) |
| 20:43 | Build | Farm |
| 21:00 | Build | Farm |
| 21:07 | Build | Farm |
| 21:08 | Build | Farm |
| 21:10 | Build | Farm |
| 21:12 | Build | Farm |
| 21:33 | Create | Villager (Male) |
| 21:37 | Build | Farm |
| 22:11 | Create | Villager (Male) |
| 22:12 | Create | Villager (Male) |
| 22:27 | Build | Farm |
| 22:54 | Build | Farm |
Build order — NightArea86
111 actions detected in the replay
| 0:01 | Create | Villager (Male) |
| 0:02 | Create | Villager (Male) |
| 0:02 | Build | House |
| 0:04 | Build | House |
| 0:16 | Create | Villager (Male) |
| 0:25 | Create | Villager (Male) |
| 1:39 | Create | Villager (Male) |
| 1:39 | Create | Villager (Male) |
| 2:12 | Create | Villager (Male) |
| 2:16 | Create | Villager (Male) |
| 2:33 | Create | Villager (Male) |
| 2:36 | Build | Lumber Camp |
| 3:01 | Create | Villager (Male) |
| 3:08 | Create | Villager (Male) |
| 3:29 | Create | Villager (Male) |
| 3:39 | Create | Villager (Male) |
| 3:51 | Build | House |
| 4:15 | Create | Villager (Male) |
| 4:23 | Create | Villager (Male) |
| 4:38 | Create | Villager (Male) |
| 4:49 | Create | Villager (Male) |
| 4:57 | Build | House |
| 5:26 | Create | Villager (Male) |
| 5:27 | Build | House |
| 5:57 | Build | Mill |
| 6:19 | Create | Villager (Male) |
| 6:44 | Research | Feudal Age |
| 7:12 | Build | Barracks |
| 8:54 | Age | Feudal Age |
| 8:56 | Create | Villager (Male) |
| 9:01 | Build | Archery Range |
| 9:17 | Create | Villager (Male) |
| 9:24 | Create | Villager (Male) |
| 9:30 | Build | Mining Camp |
| 10:04 | Create | Archer |
| 10:07 | Create | Spearman |
| 10:22 | Create | Villager (Male) |
| 10:38 | Build | Blacksmith |
| 10:42 | Create | Archer |
| 11:27 | Create | Archer |
| 11:29 | Research | Fletching |
| 11:34 | Build | House |
| 11:40 | Create | Archer |
| 11:42 | Create | Villager (Male) |
| 11:54 | Create | Villager (Male) |
| 11:55 | Create | Villager (Male) |
| 12:06 | Create | Archer |
| 12:25 | Create | Archer |
| 12:29 | Build | House |
| 12:30 | Create | Villager (Male) |
| 12:34 | Create | Villager (Male) |
| 12:36 | Build | Farm |
| 12:38 | Build | Farm |
| 13:23 | Create | Archer |
| 13:37 | Create | Archer |
| 13:40 | Build | House |
| 13:41 | Create | Villager (Male) |
| 13:54 | Create | Archer |
| 13:58 | Build | Farm |
| 14:23 | Create | Villager (Male) |
| 14:24 | Build | Farm |
| 14:28 | Build | Farm |
| 14:49 | Create | Villager (Male) |
| 14:51 | Build | Farm |
| 15:37 | Create | Archer |
| 15:37 | Create | Archer |
| 15:48 | Build | Farm |
| 15:48 | Create | Villager (Male) |
| 15:56 | Build | Market |
| 16:02 | Build | Farm |
| 16:03 | Build | Farm |
| 16:03 | Build | Farm |
| 16:20 | Build | Farm |
| 16:38 | Research | Castle Age |
| 16:38 | Research | Castle Age |
| 16:51 | Build | Archery Range |
| 17:07 | Build | House |
| 17:11 | Research | Horse Collar |
| 17:42 | Build | House |
| 17:45 | Research | Double-Bit Axe |
| 17:51 | Research | Town Watch |
| 18:15 | Build | Farm |
| 18:56 | Create | Archer |
| 18:57 | Create | Archer |
| 19:07 | Research | Gold Mining |
| 19:09 | Create | Villager (Male) |
| 19:09 | Create | Villager (Male) |
| 19:18 | Age | Castle Age |
| 19:22 | Build | Siege Workshop |
| 19:34 | Build | University |
| 19:37 | Create | Villager (Male) |
| 19:39 | Create | Villager (Male) |
| 19:50 | Create | Archer |
| 19:51 | Create | Archer |
| 20:07 | Create | Battering Ram |
| 20:14 | Build | Archery Range |
| 20:17 | Create | Archer |
| 20:17 | Create | Archer |
| 20:29 | Create | Villager (Male) |
| 20:45 | Create | Battering Ram |
| 20:52 | Create | Villager (Male) |
| 21:03 | Build | House |
| 21:04 | Build | House |
| 21:20 | Research | Crossbowman (upgrade) |
| 21:21 | Research | Crossbowman (upgrade) |
| 21:27 | Build | House |
| 22:20 | Create | Scorpion |
| 22:22 | Research | Bodkin Arrow |
| 22:56 | Create | Archer |
| 22:56 | Create | Archer |
| 22:57 | Create | Archer |
Build order — n3tzo0
126 actions detected in the replay
| 0:42 | Create | Villager (Male) |
| 0:43 | Create | Villager (Male) |
| 0:44 | Create | Villager (Male) |
| 0:44 | Create | Villager (Male) |
| 1:51 | Build | House |
| 2:06 | Build | House |
| 2:09 | Build | House |
| 2:14 | Build | House |
| 2:19 | Build | House |
| 2:27 | Build | House |
| 3:10 | Create | Villager (Male) |
| 4:40 | Create | Villager (Male) |
| 4:42 | Create | Villager (Male) |
| 5:48 | Build | Mill |
| 7:18 | Create | Villager (Male) |
| 7:19 | Create | Villager (Male) |
| 7:19 | Create | Villager (Male) |
| 7:20 | Create | Villager (Male) |
| 9:43 | Create | Villager (Male) |
| 9:44 | Create | Villager (Male) |
| 9:44 | Create | Villager (Male) |
| 9:45 | Create | Villager (Male) |
| 9:45 | Create | Villager (Male) |
| 9:45 | Create | Villager (Male) |
| 10:17 | Build | Mining Camp |
| 10:31 | Build | Mining Camp |
| 13:10 | Build | Farm |
| 13:10 | Build | Farm |
| 13:10 | Build | Farm |
| 13:10 | Build | Farm |
| 13:10 | Build | Farm |
| 13:10 | Build | Farm |
| 13:11 | Build | Farm |
| 13:11 | Build | Farm |
| 13:11 | Build | Farm |
| 13:11 | Build | Farm |
| 13:11 | Build | Farm |
| 13:16 | Build | Farm |
| 13:16 | Build | Farm |
| 13:17 | Build | Farm |
| 13:17 | Build | Farm |
| 13:17 | Build | Farm |
| 13:17 | Build | Farm |
| 13:25 | Build | Farm |
| 13:25 | Build | Farm |
| 13:25 | Build | Farm |
| 13:25 | Build | Farm |
| 14:22 | Build | Farm |
| 14:22 | Build | Farm |
| 14:22 | Build | Farm |
| 14:22 | Build | Farm |
| 14:22 | Build | Farm |
| 14:55 | Build | Lumber Camp |
| 16:00 | Research | Feudal Age |
| 18:55 | Create | Villager (Male) |
| 18:56 | Create | Villager (Male) |
| 18:56 | Create | Villager (Male) |
| 18:56 | Create | Villager (Male) |
| 18:57 | Create | Villager (Male) |
| 18:57 | Create | Villager (Male) |
| 18:57 | Create | Villager (Male) |
| 18:59 | Create | Villager (Male) |
| 19:20 | Build | Farm |
| 19:20 | Build | Farm |
| 19:20 | Build | Farm |
| 19:20 | Build | Farm |
| 19:20 | Build | Farm |
| 19:20 | Build | Farm |
| 19:20 | Build | Farm |
| 19:20 | Build | Farm |
| 19:21 | Build | Farm |
| 19:21 | Build | Farm |
| 19:21 | Build | Farm |
| 19:21 | Build | Farm |
| 19:45 | Build | Farm |
| 19:46 | Build | Farm |
| 19:46 | Build | Farm |
| 19:46 | Build | Farm |
| 19:46 | Build | Farm |
| 19:46 | Build | Farm |
| 19:46 | Build | Farm |
| 19:46 | Build | Farm |
| 19:46 | Build | Farm |
| 19:46 | Build | Farm |
| 19:46 | Build | Farm |
| 19:46 | Build | Farm |
| 20:10 | Build | Farm |
| 20:11 | Build | Farm |
| 20:11 | Build | Farm |
| 20:11 | Build | Farm |
| 20:11 | Build | Farm |
| 20:11 | Build | Farm |
| 20:11 | Build | Farm |
| 20:11 | Build | Farm |
| 20:11 | Build | Farm |
| 20:35 | Build | Farm |
| 20:36 | Build | Farm |
| 20:36 | Build | Farm |
| 20:36 | Build | Farm |
| 20:36 | Build | Farm |
| 20:36 | Build | Farm |
| 20:36 | Build | Farm |
| 20:36 | Build | Farm |
| 21:01 | Build | Farm |
| 21:02 | Build | Farm |
| 21:02 | Build | Farm |
| 21:02 | Build | Farm |
| 21:02 | Build | Farm |
| 21:02 | Build | Farm |
| 21:25 | Build | Farm |
| 21:27 | Build | Farm |
| 21:27 | Build | Farm |
| 21:27 | Build | Farm |
| 21:51 | Build | Farm |
| 21:52 | Build | Farm |
| 21:52 | Build | Farm |
| 22:16 | Build | Farm |
| 22:17 | Build | Farm |
| 22:27 | Build | Farm |
| 22:27 | Build | Farm |
| 22:27 | Build | Farm |
| 22:27 | Build | Farm |
| 22:27 | Build | Farm |
| 22:27 | Build | Farm |
| 22:27 | Build | Farm |
| 22:27 | Build | Farm |
Build order — cleloandrade1
150 actions detected in the replay
| 0:02 | Create | Villager (Male) |
| 0:02 | Create | Villager (Male) |
| 0:02 | Create | Villager (Male) |
| 0:03 | Create | Villager (Male) |
| 0:05 | Build | House |
| 0:07 | Build | House |
| 1:25 | Create | Villager (Male) |
| 1:25 | Create | Villager (Male) |
| 1:25 | Create | Villager (Male) |
| 1:25 | Create | Villager (Male) |
| 2:06 | Create | Villager (Male) |
| 2:06 | Create | Villager (Male) |
| 2:06 | Create | Villager (Male) |
| 2:06 | Create | Villager (Male) |
| 2:18 | Build | House |
| 2:22 | Build | House |
| 2:26 | Build | House |
| 2:33 | Create | Villager (Male) |
| 2:33 | Create | Villager (Male) |
| 2:34 | Create | Villager (Male) |
| 2:54 | Build | Palisade Wall |
| 2:57 | Create | Villager (Male) |
| 2:57 | Create | Villager (Male) |
| 2:57 | Create | Villager (Male) |
| 2:57 | Create | Villager (Male) |
| 3:09 | Create | Villager (Male) |
| 3:09 | Create | Villager (Male) |
| 3:09 | Create | Villager (Male) |
| 3:10 | Create | Villager (Male) |
| 3:36 | Build | Lumber Camp |
| 3:38 | Create | Villager (Male) |
| 3:38 | Create | Villager (Male) |
| 3:38 | Create | Villager (Male) |
| 3:38 | Create | Villager (Male) |
| 4:03 | Create | Villager (Male) |
| 4:04 | Create | Villager (Male) |
| 4:04 | Create | Villager (Male) |
| 4:04 | Create | Villager (Male) |
| 4:26 | Build | Palisade Wall |
| 4:28 | Create | Villager (Male) |
| 4:28 | Create | Villager (Male) |
| 4:55 | Create | Villager (Male) |
| 4:56 | Create | Villager (Male) |
| 4:56 | Create | Villager (Male) |
| 4:56 | Create | Villager (Male) |
| 4:56 | Create | Villager (Male) |
| 5:18 | Build | House |
| 6:08 | Create | Villager (Male) |
| 6:09 | Create | Villager (Male) |
| 6:20 | Build | Palisade Wall |
| 6:24 | Create | Villager (Male) |
| 6:24 | Create | Villager (Male) |
| 6:25 | Create | Villager (Male) |
| 6:31 | Create | Villager (Male) |
| 6:32 | Create | Villager (Male) |
| 6:32 | Create | Villager (Male) |
| 6:32 | Create | Villager (Male) |
| 6:55 | Build | Mill |
| 7:11 | Research | Loom |
| 7:40 | Build | House |
| 7:49 | Build | House |
| 7:55 | Build | Palisade Wall |
| 8:11 | Create | Villager (Male) |
| 8:11 | Create | Villager (Male) |
| 8:15 | Research | Feudal Age |
| 9:06 | Build | House |
| 9:40 | Build | House |
| 9:42 | Create | Villager (Male) |
| 9:43 | Create | Villager (Male) |
| 9:43 | Create | Villager (Male) |
| 9:43 | Create | Villager (Male) |
| 10:14 | Build | House |
| 10:18 | Build | House |
| 10:22 | Build | House |
| 10:29 | Build | House |
| 10:35 | Create | Villager (Male) |
| 10:36 | Create | Villager (Male) |
| 10:36 | Create | Villager (Male) |
| 10:36 | Create | Villager (Male) |
| 10:36 | Create | Villager (Male) |
| 10:46 | Age | Feudal Age |
| 10:51 | Build | Mining Camp |
| 11:26 | Build | Mill |
| 11:30 | Create | Villager (Male) |
| 11:31 | Create | Villager (Male) |
| 11:31 | Create | Villager (Male) |
| 11:36 | Research | Town Watch |
| 11:41 | Build | Barracks |
| 11:51 | Create | Villager (Male) |
| 11:51 | Create | Villager (Male) |
| 11:51 | Create | Villager (Male) |
| 11:52 | Create | Villager (Male) |
| 12:12 | Research | Double-Bit Axe |
| 12:14 | Research | Horse Collar |
| 12:19 | Build | Farm |
| 12:20 | Build | Farm |
| 12:20 | Build | Farm |
| 12:27 | Build | Farm |
| 12:38 | Create | Militia |
| 12:39 | Create | Militia |
| 12:39 | Create | Militia |
| 13:34 | Create | Villager (Male) |
| 13:35 | Create | Villager (Male) |
| 13:35 | Create | Villager (Male) |
| 13:35 | Create | Villager (Male) |
| 13:47 | Build | Archery Range |
| 13:55 | Build | Farm |
| 13:58 | Build | Farm |
| 14:15 | Research | Man-at-Arms (upgrade) |
| 14:19 | Build | Farm |
| 14:27 | Build | Farm |
| 14:50 | Create | Archer |
| 14:51 | Create | Archer |
| 14:51 | Create | Archer |
| 14:58 | Create | Militia |
| 14:58 | Create | Militia |
| 15:14 | Build | Farm |
| 15:16 | Build | Farm |
| 15:22 | Build | Farm |
| 15:34 | Create | Militia |
| 15:34 | Create | Militia |
| 15:35 | Create | Militia |
| 15:54 | Create | Villager (Male) |
| 15:54 | Create | Villager (Male) |
| 15:54 | Create | Villager (Male) |
| 15:54 | Create | Villager (Male) |
| 15:59 | Build | Farm |
| 15:59 | Build | Farm |
| 16:00 | Build | Farm |
| 16:00 | Build | Farm |
| 16:00 | Build | Farm |
| 16:01 | Build | Farm |
| 16:08 | Create | Militia |
| 16:08 | Create | Militia |
| 16:21 | Create | Spearman |
| 16:21 | Create | Spearman |
| 16:42 | Build | Farm |
| 16:44 | Build | Farm |
| 16:48 | Build | Farm |
| 16:54 | Build | Farm |
| 17:10 | Create | Villager (Male) |
| 17:10 | Create | Villager (Male) |
| 17:10 | Create | Villager (Male) |
| 17:11 | Create | Villager (Male) |
| 17:11 | Create | Villager (Male) |
| 17:27 | Build | Stone Wall |
| 17:35 | Build | Stone Wall |
| 17:49 | Create | Militia |
| 17:49 | Create | Militia |
| 21:12 | Research | Wheelbarrow |
Match timeline
| 2:54 | cleloandrade1 · wall_segment Palisade Wall x9 |
| 4:26 | cleloandrade1 · wall_segment Palisade Wall x22 |
| 6:20 | cleloandrade1 · wall_segment Palisade Wall x14 |
| 7:12 | NightArea86 · first_building Barracks |
| 7:55 | cleloandrade1 · wall_segment Palisade Wall x1 |
| 8:54 | NightArea86 · age_up feudal |
| 9:01 | NightArea86 · first_building Archery Range |
| 9:22 | Monkey航 · age_up feudal |
| 9:29 | LuizBatata182 · age_up feudal |
| 9:31 | Monkey航 · first_building Donjon |
| 9:33 | LuizBatata182 · wall_segment Stone Wall x21 |
| 10:00 | mounssif · first_building Barracks |
| 10:46 | cleloandrade1 · age_up feudal |
| 11:13 | mounssif · age_up feudal |
| 11:21 | Poli Heliot · age_up feudal |
| 11:36 | bob · age_up feudal |
| 11:41 | cleloandrade1 · first_building Barracks |
| 13:10 | LuizBatata182 · wall_segment Palisade Wall x1 |
| 13:47 | cleloandrade1 · first_building Archery Range |
| 14:34 | Poli Heliot · wall_segment Stone Wall x13 |
| 14:49 | Poli Heliot · wall_segment Stone Wall x11 |
| 15:51 | LuizBatata182 · first_building Barracks |
| 16:56 | bob · age_up castle |
| 17:01 | LuizBatata182 · first_building Archery Range |
| 17:27 | cleloandrade1 · wall_segment Stone Wall x12 |
| 17:29 | Poli Heliot · wall_segment Stone Wall x6 |
| 17:35 | cleloandrade1 · wall_segment Stone Wall x8 |
| 17:51 | mounssif · first_building Archery Range |
| 19:07 | bob · first_building Castle |
| 19:18 | NightArea86 · age_up castle |
| 19:22 | NightArea86 · first_building Siege Workshop |
| 21:08 | Monkey航 · first_building Barracks |
| 21:14 | NightArea86 · first_market_sell 100 food |
| 21:24 | bob · first_building Siege Workshop |
| 21:53 | Monkey航 · first_market_buy 100 food |
| 23:01 | Poli Heliot · resign |
| 23:07 | bob · first_building Barracks |
[ AI ANALYSIS · 1 CREDIT ]
What really happened in this match?
Wolo.gg analyzes every decision: build order, eco, micro, common mistakes by bracket. Personalized analysis on WhatsApp or Discord in 30 seconds.
Civ guide
Goths
Perfil
Jugador #24969446